 Dungeon Crawl Stone Soup version 0.30-a0-777-ga9a30cbeda (webtiles) character file.

Game seed: 7408123131915268195

101724 DEFE the Impassioned (level 15, -15/122 (126) HPs)
             Began as a Demonspawn Wanderer on Feb 14, 2023.
             Was a Priest of Uskayaw.
             Demolished by an orc warrior
             ... wielding a +0 mace
              (16 damage)
             ... while paralysed by an orc sorcerer
             ... on level 2 of the Orcish Mines.
             The game lasted 00:31:18 (25401 turns).

DEFE the Impassioned (Demonspawn Wanderer)         Turns: 25401, Time: 00:31:18

HP:   -15/122 (126) AC: 22    Str: 24    XL:     15   Next: 84%
MP:   0/27          EV:  2    Int: 18    God:    Uskayaw [***...]
Gold: 2161          SH:  0    Dex: 11    Spells: 15/16 levels left

rFire   . . .      SeeInvis .    U - +6 war axe (freeze)
rCold   . . .      Faith    .    (no shield)
rNeg    . . .      Spirit   +    F - +0 plate armour
rPois   +          Reflect  .    T - +0 helmet of Hubris {Dex+3}
rElec   .          Harm     .    (cloak unavailable)
rCorr   .          Rampage  .    M - +0 pair of gloves {hurl}
Will    ++...                    p - +2 pair of boots Stlth
                                 K - amulet of regeneration
HPRegen 1.20/turn                N - ring of poison resistance
MPRegen 0.40/turn                V - ring "Lioveko" {Wiz Contam Will+ Int+4}

@: paralysed, marked, lightly drained
A: rugged brown scales 1, demonic guardian 2, magic shield, magic regeneration,
weakness stinger 3
a: Renounce Religion, Stomp, Line Pass


You were on level 2 of the Orcish Mines.
You worshipped Uskayaw.
Uskayaw was most pleased with you.
You visited 4 branches of the dungeon, and saw 23 of its levels.
You also visited: Sewer, Gauntlet and Ice Cave.

You collected 2353 gold pieces.
You spent 192 gold pieces at shops.

Inventory:

Hand Weapons
 f - the +7 Throatcutter {drain, coup de grace}
   (You took it off Terence on level 2 of the Dungeon)
 R - a +1 broad axe of freezing
 U - a +6 war axe of freezing (weapon)
 Y - the +5 demon whip "Spellbinder" {antimagic, disrupt, Will+}
   (You found it on level 7 of the Dungeon)

   Will:      It increases your willpower.
Missiles
 e - 5 curare-tipped darts
 x - 2 throwing nets
Armour
 p - a +2 pair of boots (worn)
 y - +0 acid dragon scales
 F - a +0 plate armour (worn)
 G - a +2 robe of resistance
 M - a +0 pair of gloves of hurling (worn)
 Q - a +1 buckler of cold resistance
 T - the +0 helmet of Hubris (worn) {Dex+3}
   (You found it in a Gauntlet)

   Dex:       It affects your dexterity (+3).
Jewellery
 l - a ring of positive energy
 o - a ring of resist corrosion
 q - a +6 ring of intelligence
 v - a +6 ring of dexterity
 z - a ring of flight
 K - an amulet of regeneration (around neck)
 N - a ring of poison resistance (left hand)
 V - the ring "Lioveko" (right hand) {Wiz Contam Will+ Int+4}
   (You found it in a Gauntlet)

   [ring of wizardry]

   It improves your spell success rate.
   Int:       It affects your intelligence (+4).
   Contam:    It causes magical contamination when unequipped.
   Will:      It increases your willpower.
 Z - the ring "Juzi" {rN+ MP-9 Str+3 Int+3 SInv}
   (You found it on level 5 of the Lair of Beasts)

   [ring of see invisible]

   Str:       It affects your strength (+3).
   Int:       It affects your intelligence (+3).
   rN:        It protects you from negative energy.
   MP:        It affects your magic capacity (-9).
   SInv:      It lets you see invisible.
Wands
 c - a wand of flame (61)
 W - a wand of mindburst (3)
 X - a wand of polymorph (4)
Scrolls
 a - 5 scrolls of identify
 i - 4 scrolls of immolation
 k - 3 scrolls of brand weapon
 r - 4 scrolls of enchant armour
 s - 6 scrolls of teleportation
 t - 6 scrolls of fog
 u - 2 scrolls of poison
 C - 3 scrolls of enchant weapon
 H - 4 scrolls of vulnerability
 I - 3 scrolls of amnesia
 J - 2 scrolls of torment
 O - 2 scrolls of fear
Potions
 b - 10 potions of brilliance
 d - 5 potions of mutation
 g - 9 potions of flight
 h - 2 potions of resistance
 j - 2 potions of ambrosia
 m - 11 potions of curing
 n - 4 potions of attraction
 w - 9 potions of might
 A - 2 potions of cancellation
 B - 3 potions of magic
 D - 2 potions of heal wounds
 E - 3 potions of invisibility
 L - 7 potions of lignification
 P - 4 potions of haste
 S - 2 potions of berserk rage


   Skills:
 - Level 13.0 Fighting
 - Level 8.0 Long Blades
 * Level 14.5(14.7) Axes
 - Level 3.7(10.1) Maces & Flails
 - Level 11.8 Armour
 - Level 1.0 Stealth
 - Level 3.6 Unarmed Combat
 - Level 1.0 Spellcasting
 - Level 1.0 Conjurations
 + Level 17.0 Invocations
 - Level 2.0 Evocations


You had 15 spell levels left.
You knew the following spells:

 Your Spells              Type           Power      Damage    Failure   Level
a - Kiss of Death         Conj/Necr      8%         2d6       52%         1

Your spell library contained the following spells:

 Spells                   Type           Power      Damage    Failure   Level
 Foxfire                  Conj/Fire      8%         2x1d4     52%         1
 Freeze                   Ice            0%         1d3       58%         1
 Slow                     Hex            0%         N/A       58%         1
 Momentum Strike          Conj/Tloc      4%         3d8       65%         2
 Static Discharge         Conj/Air       4%         2-3/arc   65%         2
 Blink                    Tloc           0%         N/A       71%         2
 Cigotuvi's Dreadful Rot  Necr/Pois/Air  0%         N/A       71%         2
 Lesser Beckoning         Tloc           0%         N/A       71%         2
 Poisonous Vapours        Pois/Air       0%         N/A       71%         2
 Sublimation of Blood     Necr           0%         N/A       71%         2
 Wereblood                Tmut           0%         N/A       71%         2
 Hailstorm                Conj/Ice       2%         3d3       86%         3
 Stone Arrow              Conj/Erth      4%         3d7       86%         3
 Mephitic Cloud           Conj/Pois/Air  2%         N/A       87%         3
 Call Canine Familiar     Summ           0%         N/A       90%         3
 Confusing Touch          Hex            0%         N/A       90%         3
 Frozen Ramparts          Ice            0%         1d1       90%         3
 Gell's Gravitas          Tloc           0%         N/A       90%         3
 Ozocubu's Armour         Ice            0%         N/A       90%         3
 Portal Projectile        Hex/Tloc       0%         N/A       90%         3
 Teleport Other           Tloc           0%         N/A       90%         3
 Vampiric Draining        Necr           0%         2d6       90%         3
 Vhi's Electric Charge    Tloc/Air       0%         N/A       90%         3
 Anguish                  Hex/Necr       0%         N/A       99%         4
 Animate Armour           Summ/Erth      0%         N/A       99%         4
 Animate Dead             Necr           0%         N/A       99%         4
 Ice Form                 Ice/Tmut       0%         N/A       99%         4
 Leda's Liquefaction      Hex/Erth       0%         N/A       99%         4
 Summon Ice Beast         Ice/Summ       0%         N/A       99%         4
 Arcjolt                  Conj/Air       1%         1d11      100%        5
 Fireball                 Conj/Fire      1%         3d3       100%        5
 Freezing Cloud           Conj/Ice/Air   1%         6-21      100%        5
 Lightning Bolt           Conj/Air       1%         1d12      100%        5
 Metabolic Englaciation   Hex/Ice        0%         N/A       100%        5
 Summon Forest            Summ/Tloc      0%         N/A       100%        5
 Dispersal                Tloc           0%         N/A       100%        6
 Eringya's Noxious Bog    Tmut/Pois      0%         N/A       100%        6
 Simulacrum               Ice/Necr       0%         N/A       100%        6
 Starburst                Conj/Fire      1%         6d3       100%        6
 Ozocubu's Refrigeration  Ice            0%         4d7       100%        7
 Summon Hydra             Summ           0%         N/A       100%        7
 Lehudib's Crystal Spear  Conj/Erth      1%         10d2      100%        8
 Necromutation            Tmut/Necr      0%         N/A       100%        8
 Polar Vortex             Ice            0%         N/A       100%        9


Dungeon Overview and Level Annotations

Branches:
Dungeon (15/15)            Temple (1/1) D:7            Lair (5/5) D:8
 Shoals (0/4) Lair:2       Spider (0/4) Lair:2        Slime (0/5) Lair:4
    Orc (2/2) D:12         Vaults (0/5) D:14         Depths (0/4) D:15
  Sewer (visited)           IceCv (visited)         Gauntlet (visited)
    Elf: Orc:2

Altars:
Ashenzari
Cheibriados
Dithmenos
Fedhas
Gozag
Hepliaklqana
Kikubaaqudgha
Makhleb
Nemelex Xobeh
Okawaru
Qazlal
Ru
Sif Muna
Trog
Uskayaw
Vehumet
Wu Jian
Xom
Yredelemnul
Jiyva

Shops:
D:10 :   D:11 [   Orc:1 ([

Annotations:
D:7 2 transporters, flt's ghost, novice DgTm
D:9 2 transporters, pon's ghost, journeyman DjCj
D:13 3 runed translucent doors, M4edhros's ghost, journeyman OpAr
Lair:2 1 runed translucent door, Errthou's ghost, journeyman TrBe
Lair:4 3 runed translucent doors, exclusion: 4 oklob plants, crabbyslav's ghost, journeyman DrWr
Orc:2 Saint Roka


Innate Abilities, Weirdness & Mutations

You are partially covered in rugged brown scales. (AC +1, +3% HP)
A demonic guardian rushes to your aid.
When hurt, damage is shared between your health and your magic reserves.
You regenerate magic rapidly.
You have a sharp stinger which inflicts weakening toxins.


Message History

The orc wizard hits your orange demon with a +0 dagger.
The orc sorcerer casts a spell at you. The bolt of negative energy hits you!!
You feel drained.
The orc warrior hits you but does no damage.
An orc warrior comes into view. It is wielding a +0 halberd.
The warg bites you!
Your orange demon stings the orc warrior from afar.
The orc warrior looks as sick as possible!
Your orange demon poisons the orc warrior!
The warg bites you but does no damage.
The orc warrior hits you from afar with a +0 halberd.
* * * LOW HITPOINT WARNING * * *
The orc sorcerer hits you with a +0 dagger!
* * * LOW HITPOINT WARNING * * *
The orc hits you from afar with a +0 trident.
* * * LOW HITPOINT WARNING * * *
An orc priest comes into view. It is wielding a +0 whip.
The orc wizard hits your orange demon but does no damage.
The orc wizard casts a spell at your orange demon.
The magic dart hits your orange demon.
The orc warrior hits you with a +0 mace!
* * * LOW HITPOINT WARNING * * *
The orc priest looks braver for a moment.
Your orange demon stings the orc wizard!
The orc wizard dies!
The warg bites you but does no damage.
The orc warrior hits you from afar with a +0 halberd!
* * * LOW HITPOINT WARNING * * *
An orc wizard comes into view. It is wielding a +0 dagger.
The orc hits you but does no damage.
The orc wizard hits your orange demon with a +0 dagger.
The orc warrior barely misses you.
The orc sorcerer hits you but does no damage.
An orc comes into view. It is wielding a +0 club.
An orc priest comes into view. It is wielding a +0 hand axe.
Saint Roka roars a battlecry!
The orc goes into a battle-frenzy!
The orc warrior hits you with a +0 mace!
You die...

....#.#<.........#
....#...#..........#.
................#.....
........o.....##.#....
........#.............
.......o..............
#...........$oooo..$..
#............48o8.....
......)).o<..)@ho.....
........#...##ooo##...
.......)..###oooo.#
.......))##


#8ooo8# .........# ##ooo## .........# #o.o# ..$......# oooo' .........# #.oo#.
.........# You could see Saint Roka (strong), an orc knight (strong), a warg, an
orc sorcerer (strong), 7 orc warriors, 5 orc priests, 2 orc wizards, 13 orcs and
a friendly orange demon (summoned).

Vanquished Creatures
  Frances (D:14)
  Kirke (D:13)
  Gastronok (D:10)
  A frost giant (IceCv)
  Nessos (D:13)
  Azrael (D:13)
  2 dire elephants
  5 hydras
  A great orb of eyes (D:15)
  A vault guard (D:14)
  5 centaur warriors
  An ogre mage (D:14)
  2 death knights
  2 catoblepae
  15 death yaks
  8 two-headed ogres
  2 boulder beetles (D:14)
  A deep troll shaman (Lair:5)
  A tengu warrior (D:14)
  5 skeletal warriors (D:15)
  2 skysharks
  5 deep elf pyromancers
  2 wizards (D:14)
  An orc sorcerer (Orc:1)
  An oklob plant (Gauntlet)
  11 elephants
  2 ugly things
  4 manticores
  4 cyclopes
  Joseph (D:7)
  11 cane toads
  3 black mambas
  A cane toad (shapeshifter) (D:14)
  2 torpor snails
  13 rime drakes
  3 kobold demonologists
  2 efreet
  7 komodo dragons
  2 tengu conjurers
  6 meliai (D:15)
  8 polar bears
  6 trolls
  4 hornets
  A wind drake (Lair:2)
  A raiju (Gauntlet)
  A dream sheep (Lair:4)
  19 blink frogs
  Grinder (D:3)
  9 flying skulls (Gauntlet)
  A culicivora (Lair:2)
  6 slime creatures (D:15)
  6 wyverns
  4 shadows
  4 wraiths
  5 water elementals (D:15)
  2 vampires
  4 basilisks
  3 steam dragons
  3 hogs (D:13)
  30 yaks
  2 fire elementals (D:13)
  Eustachio (D:4)
  4 vampire mosquitoes (D:14)
  Menkaure (D:6)
  A warg (shapeshifter) (D:13)
  3 two-headed ogre zombies (D:12)
  3 acid dragons
  4 hell hounds (D:13)
  Duvessa (D:7)
  7 water moccasins
  7 orc warriors
  5 ice beasts (D:8)
  Pargi (Sewer)
  A black bear (Lair:5)
  27 wolves
  2 ogres
  17 centaurs
  3 phantoms
  A gnoll sergeant (D:8)
  13 bullfrogs
  4 scorpions
  A necrophage (D:5)
  11 wights
  Dowan (D:7)
  4 jellies
  2 troll zombies (D:12)
  5 electric eels (D:15)
  8 howler monkeys
  7 hounds
  11 orc priests
  2 gnoll boudas
  2 iguanas (D:5)
  Terence (D:2)
  22 orc wizards
  4 hell rats (Lair:4)
  Natasha (D:1)
  2 ogre zombies (D:12)
  18 gnolls
  14 adders
  8 river rats (Lair:4)
  16 white imps
  An ufetubus (D:5)
  A dart slug (D:4)
  3 worms
  59 orcs
  4 bats
  5 endoplasms
  6 giant cockroaches
  5 goblins
  6 hobgoblins
  9 kobolds
  8 quokkas
  11 ball pythons
  5 frilled lizards
  A goblin skeleton (D:12)
  2 goblin zombies (D:12)
  4 hobgoblin zombies (D:12)
  3 orc skeletons (D:12)
  14 orc zombies (D:12)
  11 rats
664 creatures vanquished.

Vanquished Creatures (collateral kills)
  A minotaur (Gauntlet)
  A boulder beetle (Orc:1)
  2 two-headed ogres
  5 death yaks
  A skyshark (Lair:1)
  An elephant (Lair:5)
  An ice statue (IceCv)
  2 cane toads
  An unseen horror (D:12)
  A tengu conjurer (D:14)
  A komodo dragon (Lair:4)
  2 blink frogs
  A hog (D:13)
  3 yaks (Lair:1)
  2 acid dragons (Gauntlet)
  A hell hound (D:13)
  A centaur (D:15)
  A troll zombie (D:12)
  An electric eel (D:15)
  2 orc wizards
  An orc (D:12)
  An orc skeleton (D:12)
33 creatures vanquished.

Vanquished Creatures (others)
  An electric eel (D:15)
  18 fungi
  25 plants
44 creatures vanquished.

Grand Total: 741 creatures vanquished

Notes
Turn   | Place    | Note
-------+----------+-------------------------------------------
     0 | D:1      | DEFE the Demonspawn Wanderer began the quest for the Orb.
     0 | D:1      | DEFE set off with the following items: a +0 club, a potion
                  | of brilliance, a wand of flame (3), a potion of mutation, a
                  | +0 leather armour, a potion of berserk rage; and the
                  | following spell memorised: Kiss of Death; and the following
                  | spells available to memorise: Mephitic Cloud.
     0 | D:1      | Reached XP level 1. HP: 15/15 MP: 2/2
   350 | D:1      | Gained mutation: You are partially covered in rugged brown
                  | scales. (AC +1, +3% HP) [demonic ancestry]
   350 | D:1      | Reached XP level 2. HP: 16/22 MP: 3/3
   542 | D:1      | Reached skill level 1 in Maces & Flails
   899 | D:2      | Noticed Natasha
   907 | D:1      | Killed Natasha
   908 | D:1      | Reached XP level 3. HP: 11/27 MP: 4/4
  1369 | D:2      | Reached XP level 4. HP: 29/33 MP: 5/5
  1436 | D:2      | Noticed Terence
  1446 | D:2      | Killed Terence
  1539 | D:2      | Reached skill level 1 in Long Blades
  1539 | D:2      | Reached XP level 5. HP: 29/39 MP: 6/6
  2168 | D:3      | Noticed Grinder
  2168 | D:3      | Paralysed by Grinder for 4 turns
  2184 | D:3      | Killed Grinder
  2185 | D:3      | Reached XP level 6. HP: 29/45 MP: 7/7
  2504 | D:4      | Reached skill level 1 in Armour
  2712 | D:4      | You fall into a shaft and drop 1 floor!
  2712 | D:5      | Entered Level 5 of the Dungeon
  2712 | D:5      | Found a snail-covered altar of Cheibriados.
  2765 | D:5      | Found a glowing drain.
  2780 | Sewer    | Entered a sewer
  2872 | Sewer    | Noticed Pargi
  2882 | Sewer    | Killed Pargi
  2883 | Sewer    | Gained mutation: You have a small tail. [demonic ancestry]
  2883 | Sewer    | Reached XP level 7. HP: 46/53 MP: 8/8
  3231 | D:5      | Noticed a yak
  3727 | D:5      | Gained mutation: A weak demonic guardian rushes to your
                  | aid. [demonic ancestry]
  3727 | D:5      | Reached XP level 8. HP: 47/62 MP: 9/9
  3833 | D:5      | Reached skill level 5 in Fighting
  4648 | D:4      | Noticed Eustachio
  4663 | D:4      | Killed Eustachio
  4664 | D:4      | Reached skill level 5 in Armour
  5465 | D:6      | Identified the +7 dagger "Noimale" {heavy, Will+}
  5479 | D:6      | Noticed Menkaure
  5496 | D:6      | Killed Menkaure
  5758 | D:6      | Gained mutation: You regenerate magic rapidly. [demonic
                  | ancestry]
  5758 | D:6      | Reached XP level 9. HP: 16/67 MP: 10/10
  6529 | D:7      | Found the +5 demon whip "Spellbinder" {antimagic, disrupt,
                  | Will+}
  6532 | D:7      | Noticed Joseph
  6544 | D:7      | Killed Joseph
  6707 | D:7      | Noticed Dowan
  6708 | D:7      | Noticed Duvessa
  6719 | D:7      | Killed Duvessa
  6728 | D:7      | Killed Dowan
  6951 | D:7      | Found a basalt altar of Yredelemnul.
  6976 | D:7      | Found a bloodstained altar of Trog.
  6980 | D:7      | Found a radiant altar of Vehumet.
  7104 | D:7      | Found a staircase to the Ecumenical Temple.
  7116 | D:7      | Reached skill level 5 in Long Blades
  7226 | Temple   | Entered the Ecumenical Temple
  7442 | Temple   | Became a worshipper of Ru the Awakened
  7620 | D:7      | Identified the +3 ring mail of Pirupies {+Blink +Inv}
  7620 | D:7      | Identified the ring of Tigegh {rN+ SInv}
  7631 | D:7      | Found a transporter.
  7632 | D:7      | Identified the +2 spear of the Poles {pain, rPois}
  7632 | D:7      | Identified the +2 buckler "Siowiull" {rElec Will+ MP+9
                  | Stlth+}
  7643 | D:7      | Noticed flt's ghost (novice DgTm)
  7777 | D:7      | Found a transporter.
  8372 | D:8      | Reached XP level 10. HP: 53/84 MP: 11/11
  8589 | D:8      | Found a staircase to the Lair.
  8740 | D:8      | Noticed a two-headed ogre
  8751 | D:8      | Killed a two-headed ogre
  9172 | D:9      | Found a transporter.
  9175 | D:9      | Noticed pon's ghost (journeyman DjCj)
  9176 | D:9      | Noticed a two-headed ogre
  9492 | D:9      | Found a transporter.
  9860 | D:9      | Reached skill level 10 in Fighting
 10069 | D:9      | Noticed a two-headed ogre
 10075 | D:9      | Killed a two-headed ogre
 10076 | D:9      | Gained mutation: A demonic guardian rushes to your aid.
                  | [demonic ancestry]
 10076 | D:9      | Reached XP level 11. HP: 62/93 MP: 12/12
 10395 | D:10     | Entered Level 10 of the Dungeon
 10542 | D:10     | Found Ben Axoe's Book Shoppe.
 10715 | D:10     | Noticed Gastronok
 10732 | D:10     | Killed Gastronok
 11288 | Temple   | Fell from the grace of Ru
 11288 | Temple   | Became a worshipper of Uskayaw the Reveller
 11459 | D:11     | Reached * piety under Uskayaw
 11472 | D:11     | Reached ** piety under Uskayaw
 11473 | D:11     | Reached skill level 1 in Invocations
 11510 | D:11     | Found Tidiry's Antique Armour Emporium.
 11519 | D:11     | Bought a glowing scarf for 192 gold pieces
 11776 | D:11     | Found a frozen archway.
 11793 | D:11     | Reached *** piety under Uskayaw
 11820 | IceCv    | Entered an ice cave
 11827 | IceCv    | Reached skill level 10 in Armour
 11830 | IceCv    | Reached skill level 2 in Invocations
 11830 | IceCv    | Reached **** piety under Uskayaw
 11898 | IceCv    | Reached skill level 3 in Invocations
 11905 | IceCv    | Reached ***** piety under Uskayaw
 11915 | IceCv    | Reached ****** piety under Uskayaw
 11930 | IceCv    | Reached skill level 4 in Invocations
 12108 | IceCv    | Noticed a white ugly thing
 12120 | IceCv    | Killed a white ugly thing
 12158 | IceCv    | Noticed a death yak
 12170 | IceCv    | Killed a death yak
 12171 | IceCv    | Reached skill level 5 in Invocations
 12571 | IceCv    | Gained mutation: When hurt, damage is shared between your
                  | health and your magic reserves. [demonic ancestry]
 12571 | IceCv    | Reached XP level 12. HP: 42/105 MP: 16/16
 12635 | IceCv    | Noticed a death yak
 12637 | IceCv    | Noticed a death yak
 12645 | IceCv    | Noticed a death yak
 12660 | IceCv    | Killed a death yak
 12661 | IceCv    | Reached skill level 6 in Invocations
 12661 | IceCv    | Killed a death yak
 12671 | IceCv    | Killed a death yak
 12740 | IceCv    | Noticed a frost giant
 12740 | IceCv    | Noticed a death yak
 12753 | IceCv    | Killed a frost giant
 12754 | IceCv    | Reached skill level 7 in Invocations
 12762 | IceCv    | Killed a death yak
 13279 | D:11     | Found a shimmering blue altar of Sif Muna.
 13424 | D:11     | Reached skill level 8 in Invocations
 13715 | D:12     | Found a gate leading to a gauntlet.
 13741 | D:12     | Noticed a two-headed ogre
 13743 | D:12     | Noticed a two-headed ogre
 13751 | Gauntlet | Entered a Gauntlet
 13751 | Gauntlet | Found a transporter.
 13751 | Gauntlet | Found a transporter.
 13784 | Gauntlet | Found a transporter.
 13787 | Gauntlet | Found a transporter.
 13799 | Gauntlet | Found a transporter.
 13803 | Gauntlet | Found a runed translucent door.
 13803 | Gauntlet | Found a runed translucent door.
 13807 | Gauntlet | Found a transporter.
 13807 | Gauntlet | Noticed a great orb of eyes
 13824 | Gauntlet | Found a transporter.
 13839 | Gauntlet | Found a transporter.
 13842 | Gauntlet | Found a transporter.
 13850 | Gauntlet | Found a transporter.
 13854 | Gauntlet | Found a transporter.
 14029 | Gauntlet | Found a transporter.
 14124 | Gauntlet | Reached skill level 9 in Invocations
 14141 | Gauntlet | Identified the +0 helmet of Hubris {Dex+3}
 14229 | Gauntlet | Noticed a minotaur
 14235 | Gauntlet | Killed a minotaur
 14295 | Gauntlet | Identified the ring "Lioveko" {Wiz Contam Will+ Int+4}
 14320 | D:12     | Killed a two-headed ogre
 14321 | D:12     | Reached skill level 1 in Axes
 14330 | D:12     | Killed a two-headed ogre
 14365 | D:12     | Gained mutation: You have a tail ending in a sharp stinger.
                  | [demonic ancestry]
 14365 | D:12     | Reached XP level 13. HP: 90/114 MP: 14/20
 14470 | D:12     | Found a staircase to the Orcish Mines.
 14480 | D:12     | Reached skill level 10 in Invocations
 15121 | Lair:1   | Entered Level 1 of the Lair of Beasts
 15448 | Lair:1   | Reached skill level 5 in Axes
 15517 | Lair:1   | Reached skill level 11 in Invocations
 16607 | Lair:2   | Found a staircase to the Shoals.
 16880 | Lair:2   | Found a hole to the Spider Nest.
 17009 | Lair:2   | Found a runed translucent door.
 17009 | Lair:2   | Noticed Errthou's ghost (journeyman TrBe)
 17010 | Lair:2   | Identified the +6 trident of the Sun {venom, Fly rF++ Will+
                  | Str-5}
 17507 | Lair:3   | Reached skill level 12 in Invocations
 18631 | Lair:4   | Gained mutation: You have a sharp stinger which inflicts
                  | weakening toxins. [demonic ancestry]
 18631 | Lair:4   | Reached XP level 14. HP: 83/121 MP: 18/23
 18765 | Lair:4   | Found a viscous altar of Jiyva.
 18770 | Lair:4   | Found a staircase to the Slime Pits.
 18890 | Lair:4   | Found a runed translucent gate.
 18890 | Lair:4   | Found a runed translucent gate.
 18910 | Lair:4   | Found a runed translucent gate.
 18915 | Lair:4   | Noticed crabbyslav's ghost (journeyman DrWr)
 19031 | Lair:4   | Reached skill level 13 in Invocations
 19086 | Lair:4   | Got the Catalogue of Misery
 19580 | Lair:5   | Entered Level 5 of the Lair of Beasts
 19967 | Lair:5   | Reached skill level 10 in Axes
 20115 | Lair:5   | Reached skill level 14 in Invocations
 20259 | Lair:5   | Noticed Sonja
 20260 | Lair:5   | Identified the ring "Juzi" {rN+ MP-9 Str+3 Int+3 SInv}
 20269 | Lair:5   | Sonja changed into Sonja the adder
 20269 | Lair:5   | Noticed Sonja
 20274 | Lair:5   | Killed Sonja the adder
 21189 | D:13     | Noticed Azrael
 21200 | D:13     | Killed Azrael
 21298 | D:13     | Found a runed translucent gate.
 21298 | D:13     | Found a runed translucent gate.
 21298 | D:13     | Found a runed translucent gate.
 21299 | D:13     | Noticed an acid blob
 21299 | D:13     | Noticed an azure jelly
 21300 | D:13     | Noticed an azure jelly
 21300 | D:13     | Noticed an acid blob
 21300 | D:13     | Noticed M4edhros's ghost (journeyman OpAr)
 21300 | D:13     | Noticed an azure jelly
 21300 | D:13     | Noticed a quicksilver ooze
 21301 | D:13     | Noticed an azure jelly
 21319 | D:13     | Noticed an acid blob
 21507 | D:13     | Reached skill level 15 in Invocations
 21662 | D:13     | Noticed Kirke
 21682 | D:13     | Killed Kirke
 21685 | D:13     | Reached XP level 15. HP: 117/126 MP: 24/26
 21861 | D:13     | Found a faded altar of an unknown god.
 21861 | D:13     | Found a faded altar of an unknown god.
 21864 | D:13     | Found a hazy altar of Hepliaklqana.
 21865 | D:13     | Noticed Nessos
 21885 | D:13     | Killed Nessos
 21950 | D:13     | Found a viscous altar of Jiyva.
 22465 | D:14     | Found a gate to the Vaults.
 22762 | D:14     | Reached skill level 16 in Invocations
 22921 | D:14     | Noticed Frances
 22941 | D:14     | Killed Frances
 23471 | D:15     | Entered Level 15 of the Dungeon
 24291 | D:15     | Identified the +5 chain mail of the Sun {Drain rC- Str+8
                  | SInv}
 24362 | D:15     | Found a staircase to the Depths.
 24965 | Orc:1    | Entered Level 1 of the Orcish Mines
 24965 | Orc:1    | Found Geskyo's Antique Armour Boutique.
 24965 | Orc:1    | Found Tett's Weapon Shoppe.
 25224 | Orc:1    | Reached skill level 17 in Invocations
 25345 | Orc:2    | Entered Level 2 of the Orcish Mines
 25391 | Orc:2    | Noticed Saint Roka
 25397 | Orc:2    | Paralysed by an orc sorcerer for 5 turns
 25401 | Orc:2    | HP: 1/122 [orc warrior/+0 halberd (13)]
 25401 | Orc:2    | Demolished by an orc warrior

Illustrated notes

Levels and vault maps discovered:
D:1:      matt_arrival_los_fun, layout_rooms, kennysheep_pointless_box
D:2:      layout_basic, uniq_natasha, uniq_terence
D:3:      layout_basic, uniq_grinder
D:4:      layout_layer_cave, uniq_eustachio
D:5:      layout_basic, mainiacjoe_overflow_six_doors_small,
          cheibrodos_sewer_entry_sluice, roderic_lattice_a,
          lightli_corner_chamber
D:6:      layout_rooms, serial_bayou_pond_e, uniq_menkaure
D:7:      layout_basic, minitemple, minmay_temple_entry_tees,
          gammafunk_ghost_gnarly_gnolls, uniq_joseph, uniq_duvessa
D:8:      layout_rooms, hellmonk_lair_entry_icy, minmay_misc_feat_nine_boxes
D:9:      layout_grid_maze, nzn_ghost_randoct, minmay_stone_trees_large
D:10:     layout_roguey, minivault_5, nicolae_stop_n_shop_2, uniq_gastronok
D:11:     layout_basic, serial_shops, shop, portal_ice_cave_entry_imps,
          kennysheep_orc_sif_temple
D:12:     layout_cave_pools, zombieorc2_lemuel, gauntlet_entry_generic
D:13:     minmay_skewed_foursquare, layout_loops_ring, gammafunk_ghost_ooze,
          nicolae_hepliaklqana_ecumenical_no_more, uniq_kirke, uniq_azrael,
          uniq_nessos
D:14:     layout_long_grid, david_vaults_5, minmay_door_square, serial_rivers,
          chequers_serial_rivers_micro_b, chequers_serial_rivers_room_b,
          chequers_serial_rivers_large_a, chequers_serial_rivers_small_a,
          chequers_serial_rivers_room_a, uniq_frances
D:15:     hangedman_depths_entry_try_elsewhere_first, layout_basic,
          minmay_crystal_room
Temple:   mainiacjoe_temple_bowtie_tessellation
Lair:1:   layout_cave_pods, grunt_megastairs_4
Lair:2:   layout_cave_pods, minmay_shoals_entry_beasts,
          hellmonk_spider_entry_life_and_decay, ebering_ghost_funeral_grove,
          grunt_megastairs_5
Lair:3:   layout_chaotic_city, pdpol_lair_neglected_garden, lemuel_old_faithful
Lair:4:   layout_cave_pods, minmay_slime_entry_oklob_open,
          gammafunk_ghost_necromancy, kennysheep_abandoned_house
Lair:5:   grunt_lair_end_beastmaster, layout_regular_city, guppyfry_lair_drakes,
          lemuel_fruit_fields, uniq_sonja
Orc:1:    layout_diamond_mine, basic_altar, serial_shops, shop, shop, shop,
          shop, rock_pile
Orc:2:    grunt_orc_community_town_hall, layout_caves,
          grunt_orc_community_big_house_1, grunt_orc_community_big_house_2,
          grunt_orc_community_house_3, grunt_orc_community_house_3,
          grunt_orc_community_house_3, grunt_orc_community_house_2,
          grunt_orc_community_house_2, basic_altar, uniq_rupert

Skill      XL: |  1  2  3  4  5  6  7  8  9 10 11 12 13 14 15 |
---------------+----------------------------------------------+-----
Fighting       | 2 3 4 7 8 10 11 13 | 13.0
Maces & Flails | 2 3 |  3.7
Long Blades    | 1 3 4 5 7 8 |  8.0
Armour         | 2 3 6 7 9 10 11 | 11.8
Invocations    | 5 9 12 15 17 | 17.0
Axes           | 2 8 12 14 | 14.5
Stealth        | |  1.0
Unarmed Combat | |  3.6
Spellcasting   | |  1.0
Conjurations   | |  1.0
Evocations     | |  2.0

Action                     |  1- 3 |  4- 6 |  7- 9 | 10-12 | 13-15 || total
---------------------------+-------+-------+-------+-------+-------++-------
  Melee: Club              |    25 |       |       |       |       ||    25
         Hand axe          |    96 |    15 |       |       |       ||   111
         Punch             |     4 |     2 |    11 |    16 |    45 ||    78
         Long sword        |       |    82 |   303 |   496 |   706 ||  1587
         Tailslap          |       |       |    35 |    86 |   209 ||   330
         War axe           |       |       |       |       |   418 ||   418
         Demon whip        |       |       |       |       |    33 ||    33
  Throw: Dart              |       |       |       |       |     3 ||     3
 Invoke: Reject Sacrifices |       |       |       |     2 |       ||     2
         Stomp             |       |       |       |       |     1 ||     1
  Evoke: Wand              |       |       |     2 |    12 |    11 ||    25
    Use: Potion            |       |     1 |       |       |     2 ||     3
         Scroll            |       |       |       |    17 |    14 ||    31
   Stab: Paralysed         |       |       |       |    26 |   117 ||   143
         Petrified         |       |       |       |       |     7 ||     7
         Distracted        |       |       |       |       |     1 ||     1
 Armour: Leather armour    |    20 |       |       |       |       ||    20
         Ring mail         |    19 |       |       |       |       ||    19
         Chain mail        |    39 |    83 |    23 |       |       ||   145
         Plate armour      |       |       |   266 |   337 |  1034 ||  1637
         Robe              |       |       |       |    74 |       ||    74
         Skin              |       |       |       |       |    15 ||    15
  Dodge: Dodged            |    84 |    50 |   120 |   227 |   447 ||   928

Table legend: (Time is in decaauts)
 A = Elapsed time spent in this place.
 B = Non-inter-level travel time spent in this place.
 C = Inter-level travel time spent in this place.
 D = Time resting spent in this place.
 E = Time spent auto-exploring this place.
 F = Levels seen in this place.
 G = Mean time per level.
                   A        B        C        D        E       F      G
               +--------+--------+--------+--------+--------+-----+--------+
         Total |  25620 |  24241 |   1379 |   4544 |  14897 |  26 |  985.4 |
       Dungeon |  16896 |  15768 |   1128 |   3198 |   9790 |  15 | 1126.4 |
        Temple |    255 |    229 |     26 |      0 |    187 |   1 |  255.0 |
          Lair |   5861 |   5653 |    208 |    426 |   3985 |   5 | 1172.2 |
  Orcish Mines |    422 |    407 |     15 |      0 |    318 |   2 |  211.0 |
         Sewer |    269 |    269 |      0 |      0 |    176 |   1 |  269.0 |
      Ice Cave |   1361 |   1361 |      0 |    709 |    284 |   1 | 1361.0 |
      Gauntlet |    554 |    554 |      0 |    211 |    156 |   1 |  554.0 |
               +--------+--------+--------+--------+--------+-----+--------+

Top non-repeatable levels by time:
     D:7: 1611 daAuts
     D:5: 1585 daAuts
    D:15: 1445 daAuts
     D:9: 1434 daAuts
  Lair:5: 1418 daAuts
   IceCv: 1361 daAuts
  Lair:4: 1341 daAuts
    D:14: 1304 daAuts
  Lair:2: 1256 daAuts
     D:6: 1142 daAuts
     D:4: 1131 daAuts
     D:8: 1105 daAuts
     D:1: 1101 daAuts
  Lair:1: 1034 daAuts
     D:2: 1030 daAuts
